 Dungeon Crawl Stone Soup version 0.31-a0-983-g7b6862f502 (webtiles) character file.

Game seed: 4693895462961347700

103 olourkin the Cudgeller (level 4, -1/34 (38) HPs)
             Began as an Armataur Reaver on Nov 2, 2023.
             Slain by Ijyb
             ... wielding a +0 club
              (5 damage)
             ... on level 3 of the Dungeon.
             The game lasted 00:12:28 (2890 turns).

olourkin the Cudgeller (Armataur Reaver)            Turns: 2890, Time: 00:12:29

HP:   -1/34 (38)    AC:  4    Str: 15 (17) XL:     4   Next: 51%
MP:   6/6           EV:  9    Int: 11 (15) God:
Gold: 86            SH:  0    Dex:  5 (9)  Spells: 4/6 levels left

rFire   . . .        a - +0 mace
rCold   . . .        (no shield)
rNeg    . . .        b - +0 leather armour
rPois   .            (no helmet)
rElec   .            (no cloak)
rCorr   .            (no gloves)
SInv    .            (no barding)
Will    .....        (no amulet)
Stlth   +            (no ring)
HPRegen 0.25/turn    (no ring)
MPRegen 0.10/turn

%: roll
@: mighty, heavily drained
A: large, rugged brown scales 3, deformed body, armoured tail, roll, long
tongue, awkward tongue
a: no special abilities


You were on level 3 of the Dungeon.
You visited 1 branch of the dungeon, and saw 3 of its levels.

You collected 86 gold pieces.

Inventory:

Hand Weapons
 a - a +0 mace (weapon)
 q - a +0 sling
Missiles
 g - 35 stones
Armour
 b - a +0 leather armour (worn)
 c - a +0 pair of gloves
 i - a +0 scale mail
 s - a +0 ring mail
Magical Staves
 o - a staff of poison
Wands
 w - a wand of flame (9)
Scrolls
 d - a scroll of torment {unknown}
 e - 3 scrolls of identify {unknown}
 h - 2 scrolls of vulnerability {unknown}
 j - 2 scrolls of enchant armour {unknown}
 k - a scroll of blinking {unknown}
 l - a scroll of noise {unknown}
 p - a scroll of enchant weapon {unknown}
 t - 2 scrolls of poison {unknown}
 u - a scroll of immolation {unknown}
 v - 2 scrolls of summoning {unknown}
 x - a scroll of fog {unknown}
Potions
 m - a potion of heal wounds {unknown}
 n - a potion of curing {unknown}
 r - a potion of might
 z - a potion of magic {unknown}


   Skills:
 - Level 1.7 Fighting
 * Level 3.9 Maces & Flails
 + Level 0.6 Armour
 - Level 1.3 Dodging
 - Level 1.7 Spellcasting
 + Level 3.8 Conjurations


You had 4 spell levels left.
You knew the following spells:

 Your Spells              Type           Power      Damage    Failure   Level
u - Foxfire               Conj/Fire      20%        2x1d5     17%         1
y - Kiss of Death         Conj/Necr      20%        2d7       17%         1

Your spell library contained the following spells:

 Spells                   Type           Power      Damage    Failure   Level
 Momentum Strike          Conj/Tloc      10%        3d8       26%         2
 Necrotise                Necr           0%         1d4       36%         1
 Summon Small Mammal      Summ           0%         N/A       36%         1
 Hailstorm                Conj/Ice       5%         3d4       45%         3
 Call Canine Familiar     Summ           0%         N/A       73%         3
 Gell's Gravitas          Tloc           0%         N/A       73%         3
 Summon Guardian Golem    Hex/Summ       0%         N/A       73%         3
 Vampiric Draining        Necr           0%         2d6       73%         3
 Volatile Blastmotes      Fire/Tloc      0%         2d10      73%         3
 Fulminant Prism          Conj/Hex       2%         3d5       86%         4
 Iskenderun's Mystic Bla  Conj/Tloc      5%         2d3       86%         4
 Agony                    Necr           0%         N/A       100%        5


Dungeon Overview and Level Annotations

Branches:
Dungeon (3/15)

Altars:
Kikubaaqudgha
Yredelemnul

Annotations:
D:3 Ijyb


Innate Abilities, Weirdness & Mutations

You are completely covered in rugged brown scales. (AC +3, +7% HP)
Armour fits poorly on your strangely shaped body.
You have a long armoured tail.
You roll when moving toward enemies. (Rampage)
Your long tongue fully drains potion bottles. (2x potion effects)
Your tongue gives you trouble enunciating. (1.5x scroll delay)


Message History

There is a stone staircase leading up here.
Search for what [Enter for "."]? .
There is a stone staircase leading down here.
Ijyb is nearby!
Ijyb is nearby!
Ijyb shouts!
Ijyb screams, "Me kill you!"
Casting: Foxfire (safe; 12% risk of failure)
Confirm with . or Enter, or press ? or * to list all spells.
Okay, then.
Casting: Foxfire (safe; 12% risk of failure)
Confirm with . or Enter, or press ? or * to list all spells.
You conjure some foxfire!
Ijyb zaps a wand.
The bolt of light hits your foxfire! x2
The bolt of light hits you!
You are confused.
Ouch! That really hurt!
* * * LOW HITPOINT WARNING * * *
It was a potion of might.
You feel very mighty all of a sudden.
You slurp down every last drop of the potion of might!
Ijyb zaps a wand.
The bolt of light hits you!
* * * LOW HITPOINT WARNING * * *
It was a potion of degeneration.
There was something very wrong with that liquid.
You feel weakened.
You feel dopey.
You feel clumsy.
You slurp down every last drop of the potion of degeneration!
You feel less confused. Ijyb screams, "I dance on your bones!"
Ijyb barely misses you. Ijyb attacks as she pursues you!
Ijyb barely misses you.
Okay, then.
Ijyb attacks as she pursues you! Ijyb hits you with a +0 club.
* * * LOW HITPOINT WARNING * * *
Okay, then.
Casting: Foxfire (safe; 17% risk of failure)
Confirm with . or Enter, or press ? or * to list all spells.
Okay, then.
You closely miss Ijyb. Ijyb hits you with a +0 club.
You die...

#######.>......##############..g.
########.............##....
#.......######.....## ##########
#.......# #####...
#........####.......# ######
#.######...##.......# #... # #.#
###.#........# #...## #.#
#....##g#### #..... #.# ##....#@#
#...#. #.# ####.##.#.###### #..
## #.# #....##........###########
#.# ###.#######.####..........#
#.# #...# #..##............# #.#
#.### ###..)..##.........# #.#
#.# #....###########..## #.# #.#
#.#.## ##.### #.# #.######.#.#
#....


You could see Ijyb.

Vanquished Creatures
  5 adders
  A worm (D:2)
  3 dart slugs
  4 endoplasms
  3 giant cockroaches
  5 goblins
  3 hobgoblins
  2 jackals (D:2)
  9 kobolds
  3 quokkas
  3 ball pythons
  2 bats
  3 frilled lizards (D:1)
  5 rats
51 creatures vanquished.

Vanquished Creatures (others)
  4 foxfires (D:3)
4 creatures vanquished.

Grand Total: 55 creatures vanquished

Notes
Turn   | Place    | Note
-------+----------+-------------------------------------------
     0 | D:1      | olourkin the Armataur Reaver began the quest for the Orb.
     0 | D:1      | Reached XP level 1. HP: 18/18 MP: 3/3
   321 | D:1      | Reached XP level 2. HP: 25/25 MP: 4/4
   944 | D:2      | Reached XP level 3. HP: 21/28 MP: 3/5
  1135 | D:2      | Found a basalt altar of Yredelemnul.
  1445 | D:2      | Reached XP level 4. HP: 26/32 MP: 6/6
  2124 | D:3      | Identified the of Qatoshryt
  2253 | D:3      | Learned a level 1 spell: Foxfire
  2350 | D:3      | Found an ancient bone altar of Kikubaaqudgha.
  2389 | D:3      | Noticed Ijyb
  2890 | D:3      | Slain by Ijyb

Illustrated notes

Levels and vault maps discovered:
D:1:      dpeg_arrival_lava_altar, layout_loops_ring
D:2:      layout_basic, basic_altar, serial_bayou_lake_a
D:3:      layout_rooms, kiku_gazebo_pond_becter, uniq_ijyb

Skill      XL: |  1 |
---------------+----+-----
Maces & Flails | 3 |  3.9
Conjurations   | 3 |  3.8
Fighting       | |  1.7
Armour         | |  0.6
Dodging        | |  1.3
Spellcasting   | |  1.7

Action                     |  1- 3 |  4- 6 || total
---------------------------+-------+-------++-------
  Melee: Mace              |   119 |    45 ||   164
         Tailslap          |    14 |     9 ||    23
         Punch             |     1 |       ||     1
   Cast: Kiss of Death     |     2 |       ||     2
         Foxfire           |       |     2 ||     2
    Use: Potion            |       |     2 ||     2
 Armour: Leather armour    |    86 |    33 ||   119
  Dodge: Dodged            |    61 |    20 ||    81

Table legend: (Time is in decaauts)
 A = Elapsed time spent in this place.
 B = Non-inter-level travel time spent in this place.
 C = Inter-level travel time spent in this place.
 D = Time resting spent in this place.
 E = Time spent auto-exploring this place.
 F = Levels seen in this place.
 G = Mean time per level.
                   A        B        C        D        E       F      G
               +--------+--------+--------+--------+--------+-----+--------+
         Total |   2931 |   2773 |    158 |    669 |   1428 |   3 |  977.0 |
       Dungeon |   2931 |   2773 |    158 |    669 |   1428 |   3 |  977.0 |
               +--------+--------+--------+--------+--------+-----+--------+

Top non-repeatable levels by time:
     D:2: 1441 daAuts
     D:1: 884 daAuts
     D:3: 606 daAuts
